 Dungeon Crawl Stone Soup version 0.31-a0-202-g547052bce9 (webtiles) character file.

Game seed: 6157593384635505071

2116 qw the Skirmisher (level 9, -2/50 HPs)
             Began as a Deep Elf Hunter on June 26, 2023.
             Was an Initiate of Okawaru.
             Slain by Maggie
             ... wielding a +0 glaive of flaming
              (5 damage)
             ... on level 7 of the Dungeon.
             The game lasted 00:02:07 (4800 turns).

qw the Skirmisher (Deep Elf Hunter)                 Turns: 4800, Time: 00:02:08

Health: -2/50      AC:  9    Str: 12    XL:     9   Next: 8%
Magic:  11/11      EV: 18    Int: 15    God:    Okawaru [......]
Gold:   286        SH:  0    Dex: 18    Spells: 8/8 levels left

rFire   . . .        Y - +0 shortbow (flame)
rCold   . . .        (shield currently unavailable)
rNeg    . . .        m - +0 ring mail
rPois   .            n - +2 helmet
rElec   .            (no cloak)
rCorr   .            (no gloves)
SInv    .            i - +0 pair of boots
Will    .....        f - amulet of the acrobat
Stlth   +            a - +5 ring of evasion
HPRegen 0.28/turn    b - +4 ring of slaying {mikee}
MPRegen 0.12/turn

%: acrobat
@: no status effects
A: no striking features
a: Renounce Religion


You were on level 7 of the Dungeon.
You worshipped Okawaru.
Okawaru was noncommittal.
You visited 2 branches of the dungeon, and saw 8 of its levels.
You also visited: Sewer.

You collected 344 gold pieces.
You spent 58 gold pieces at shops.


   Skills:
 + Level 3.1 Fighting
 - Level 14.3 Ranged Weapons
 - Level 1.7 Armour
 - Level 5.1 Dodging
 - Level 1.2 Stealth
 - Level 1.2 Invocations


You had 8 spell levels left.
You didn't know any spells.
Your spell library was empty.

Inventory:

Hand Weapons
 Y - a +0 shortbow of flaming (weapon)
Armour
 i - a +0 pair of boots (worn)
 m - a +0 ring mail (worn)
 n - a +2 helmet (worn)
Jewellery
 a - a +5 ring of evasion (left hand)
 b - a +4 ring of slaying (right hand) {mikee}
 f - an amulet of the acrobat (around neck)
Scrolls
 p - a scroll of identify
 t - 2 scrolls of teleportation
Potions
 c - a potion of heal wounds
 e - 7 potions of curing
 g - a potion of cancellation
 h - a potion of enlightenment
 j - a potion of ambrosia {unknown}
 k - a potion of resistance
 l - a potion of haste {unknown}
 o - a potion of might {unknown}
 q - a potion of mutation {unknown}
 s - 2 potions of attraction {unknown}

Dungeon Overview and Level Annotations

Branches:
Dungeon (7/15)             Temple (1/1) D:5           Sewer (visited)

Altars:
Ashenzari
Cheibriados
Dithmenos
Elyvilon
Fedhas
Gozag
Kikubaaqudgha
Makhleb
Okawaru
Qazlal
Ru
Sif Muna
Trog
Uskayaw
Vehumet
Wu Jian
Xom
Yredelemnul
Zin
The Shining One

Shops:
D:4 [

Annotations:
D:5 2 transporters, qw's ghost, novice GrFi
D:7 Maggie


Message History

Maggie the Vainglorious comes into view.
She is wielding a +0 glaive of flaming.
You shoot an arrow.
Maggie shouts!
The arrow hits Maggie but does no damage.
You shoot an arrow.
The arrow hits Maggie but does no damage.
You shoot an arrow. The arrow closely misses Maggie.
You shoot an arrow. The arrow hits Maggie!
The arrow burns Maggie.
Maggie is moderately wounded.
You shoot an arrow. The arrow closely misses Maggie.
You shoot an arrow. The arrow closely misses Maggie.
Maggie closely misses you.
You shoot an arrow. The arrow hits Maggie!
The arrow burns Maggie.
Maggie is heavily wounded.
Maggie barely misses you.
You shoot an arrow. The arrow barely misses Maggie.
Maggie misses you.
You shoot an arrow. The arrow hits Maggie.
The arrow burns Maggie.
Maggie is heavily wounded.
Maggie casts a spell at you. The bolt of fire hits you!!
You hear a shout!
You shoot an arrow.
The arrow hits Maggie but does no damage.
Maggie is heavily wounded.
You shoot an arrow. The arrow hits Maggie.
The arrow burns Maggie.
Maggie is heavily wounded.
Maggie misses you.
You shoot an arrow. The arrow hits Maggie!
The arrow burns Maggie.
Maggie is severely wounded.
Maggie closely misses you.
You shoot an arrow. The arrow hits Maggie.
The arrow burns Maggie.
Maggie is severely wounded.
Maggie hits you from afar with a +0 glaive of flaming!
Maggie burns you.
You shoot an arrow. The arrow hits Maggie.
The arrow burns Maggie.
Maggie is severely wounded.
Maggie hits you from afar with a +0 glaive of flaming!
Maggie burns you.
You die...

##. # ..## #.
#..###. ..o #
##...#.# .o #.
#...... .. #.#
#...#.# .
#.##...#)########.#
#.#.?..........#)#
#..)##<...@.@.o.#
#.#.)#########.###
#.#.##..##...# ##.##
.............###...#
######.............#
##.###.####...# #.#
#.# #..## #.# #.#
#..# #.# #(# #...


You could see Maggie and an orc priest.

Vanquished Creatures
  Grinder (D:6)
  Sigmund (D:3)
  2 sky beasts
  A black bear (D:5)
  An orc warrior (D:7)
  3 ogres
  A phantom (D:4)
  Blork the orc (D:6)
  2 bullfrogs (D:6)
  2 scorpions
  A wight (D:6)
  A howler monkey (D:5)
  2 orc priests (D:7)
  5 iguanas
  2 sleepcaps
  Natasha (thrice) (D:2)
  3 orc wizards (D:6)
  13 adders
  3 river rats (Sewer)
  A shadow imp (D:6)
  2 white imps
  6 dart slugs
  7 orcs
  9 ball pythons
  6 endoplasms
  7 giant cockroaches
  8 goblins
  7 hobgoblins
  8 jackals
  5 kobolds
  5 quokkas
  6 bats
  8 frilled lizards
  6 rats
139 creatures vanquished.

Notes
Turn   | Place    | Note
-------+----------+-------------------------------------------
     0 | D:1      | qw the Deep Elf Hunter began the quest for the Orb.
     0 | D:1      | Reached XP level 1. HP: 12/12 MP: 3/3
     0 | D:1      | 0 ||| qw: Version: 0.3-a-22-g0ed2b0b
     0 | D:1      | 0 ||| qw: Game counter: 6145
     0 | D:1      | 0 ||| qw: Melee chars always use a shield: true
     0 | D:1      | 0 ||| qw: God list: Okawaru
     0 | D:1      | 0 ||| qw: Allow faded altars: false
     0 | D:1      | 0 ||| qw: Do Orc after clearing Dungeon:15 true
     0 | D:1      | 0 ||| qw: Do second Lair branch before Depths: true
     0 | D:1      | 0 ||| qw: Lair rune preference: random
     0 | D:1      | 0 ||| qw: Goals: Normal
     0 | D:1      | 0 ||| PLANNING D:1-11
    52 | D:1      | Reached skill level 6 in Ranged Weapons
    52 | D:1      | Reached XP level 2. HP: 16/16 MP: 4/4
   458 | D:1      | 458 ||| UPGRADING to amulet of the acrobat.
   463 | D:1      | 463 ||| UPGRADING to +4 ring of slaying {mikee}.
   464 | D:1      | 464 ||| DROPPING ring of magical power.
   465 | D:1      | 465 ||| DROPPING scroll of butterflies.
   513 | D:2      | Reached XP level 3. HP: 20/20 MP: 5/5
   561 | D:2      | Noticed a scorpion
   583 | D:2      | Killed a scorpion
   584 | D:2      | Reached skill level 7 in Ranged Weapons
   584 | D:2      | Reached XP level 4. HP: 15/25 MP: 6/6
   700 | D:2      | Reached skill level 8 in Ranged Weapons
   776 | D:2      | Noticed Natasha
   778 | D:2      | 778 ||| FLEEEEING.
   780 | D:2      | 780 ||| FLEEEEING.
   783 | D:2      | 783 ||| FLEEEEING.
   784 | D:2      | 784 ||| FLEEEEING.
   788 | D:2      | 788 ||| FLEEEEING.
   789 | D:2      | 789 ||| STAIRDANCE
   815 | D:1      | 815 ||| UPGRADING to +0 ring mail.
   825 | D:1      | 825 ||| DROPPING +0 leather armour.
   826 | D:1      | 826 ||| UPGRADING to +0 helmet.
   831 | D:1      | 831 ||| READING scroll labelled CIEMYRGH PYPNU.
   832 | D:1      | 832 ||| READING 2 scrolls labelled ZIORCH ADETS.
   833 | D:1      | 833 ||| READING scroll labelled SIHAWU PITADYE.
   878 | D:1      | 878 ||| READING scroll labelled PAHYAP GIENI.
   879 | D:1      | 879 ||| DROPPING scroll of amnesia.
   883 | D:2      | Killed Natasha
   884 | D:2      | Reached XP level 5. HP: 29/29 MP: 7/7
   972 | D:2      | Noticed Natasha
   984 | D:2      | Killed Natasha
  1065 | D:2      | Noticed Natasha
  1069 | D:2      | 1069 ||| FLEEEEING.
  1074 | D:2      | Killed Natasha
  1075 | D:2      | Reached skill level 9 in Ranged Weapons
  1288 | D:2      | 1288 ||| UPGRADING to +6 ring of strength.
  1289 | D:2      | 1289 ||| READING scroll labelled TAENLE WIAGOIS.
  1292 | D:2      | 1292 ||| DRINKING 2 metallic grey potions.
  1293 | D:2      | 1293 ||| DROPPING potion of invisibility.
  1299 | D:3      | 1299 ||| PLANNING SEWER
  1333 | D:3      | Found a glowing drain.
  1350 | Sewer    | Entered a sewer
  1455 | Sewer    | 1455 ||| Stepping ~*~*~tactically~*~*~ (water).
  1509 | Sewer    | 1509 ||| Stepping ~*~*~tactically~*~*~ (water).
  1511 | Sewer    | Reached skill level 3 in Dodging
  1536 | Sewer    | Reached XP level 6. HP: 35/35 MP: 8/8
  1621 | Sewer    | 1621 ||| READING scroll labelled DAEMMATIWI.
  1622 | Sewer    | 1622 ||| READING scroll labelled LEUCKA QUXTI.
  1659 | D:3      | 1659 ||| PLANNING D:1-11
  1924 | D:3      | Found a faded altar of an unknown god.
  1961 | D:3      | Noticed Sigmund
  1967 | D:3      | Killed Sigmund
  1968 | D:3      | Reached skill level 10 in Ranged Weapons
  2156 | D:3      | 2156 ||| READING scroll of enchant armour.
  2156 | D:3      | 2156 ||| ENCHANTING +0 helmet.
  2335 | D:3      | Found a basalt altar of Yredelemnul.
  2600 | D:3      | 2600 ||| DROPPING amulet of guardian spirit.
  2601 | D:3      | 2601 ||| UPGRADING to +5 ring of evasion.
  2603 | D:3      | 2603 ||| UPGRADING to +4 ring of slaying {mikee}.
  2605 | D:3      | 2605 ||| DROPPING +6 ring of strength.
  2606 | D:3      | 2606 ||| READING scroll labelled RASAILAYRY.
  2664 | D:4      | Noticed a sky beast
  2669 | D:4      | Killed a sky beast
  2670 | D:4      | Reached skill level 1 in Armour
  2670 | D:4      | Reached XP level 7. HP: 40/40 MP: 9/9
  2705 | D:4      | Found a broken altar of Ashenzari.
  2737 | D:4      | Found Ikoic's Armour Shoppe.
  2752 | D:4      | 2752 ||| SHOPLISTING +0 fire dragon scales (780 gold, have
                  | 162).
  2752 | D:4      | 2752 ||| BUYING +0 pair of boots (58 gold).
  2752 | D:4      | Bought a +0 pair of boots for 58 gold pieces
  2752 | D:4      | 2752 ||| SHOPLISTING +2 leather armour of fire resistance
                  | (247 gold, have 104).
  2752 | D:4      | 2752 ||| SHOPLISTING +2 leather armour of poison resistance
                  | (208 gold, have 104).
  2752 | D:4      | 2752 ||| SHOPLISTING +3 scale mail of poison resistance
                  | (299 gold, have 104).
  2780 | D:4      | Reached skill level 11 in Ranged Weapons
  2848 | D:4      | Found a glowing golden altar of the Shining One.
  3092 | D:4      | 3092 ||| UPGRADING to +0 pair of boots.
  3097 | D:4      | 3097 ||| READING scroll labelled POZUMIOMOBB.
  3098 | D:4      | 3098 ||| DRINKING 2 brown potions.
  3099 | D:4      | 3099 ||| READING 2 scrolls of identify.
  3099 | D:4      | 3099 ||| IDENTIFYING purple potion
  3123 | D:5      | Entered Level 5 of the Dungeon
  3135 | D:5      | Reached skill level 12 in Ranged Weapons
  3202 | D:5      | Reached XP level 8. HP: 45/45 MP: 10/10
  3218 | D:5      | Reached skill level 3 in Fighting
  3261 | D:5      | Found a radiant altar of Vehumet.
  3270 | D:5      | Identified the +0 helmet of Pasek {Stlth+}
  3289 | D:5      | Noticed qw's ghost (novice GrFi)
  3365 | D:5      | Found a transporter.
  3384 | D:5      | 3384 ||| READING scroll of enchant armour.
  3384 | D:5      | 3384 ||| ENCHANTING +1 helmet.
  3420 | D:5      | Found a transporter.
  3479 | D:5      | Found a staircase to the Ecumenical Temple.
  3480 | D:5      | 3480 ||| PLANNING TEMPLE
  3480 | D:5      | 3480 ||| DROPPING +0 helmet of Pasek {Stlth+}.
  3481 | D:5      | 3481 ||| READING scroll labelled CODIROOTWU.
  3482 | D:5      | 3482 ||| READING scroll labelled SUWKUSH LYGAQI.
  3483 | D:5      | 3483 ||| READING scroll labelled TOMNESTR FAPRYU.
  3484 | D:5      | 3484 ||| DRINKING 2 pink potions.
  3485 | D:5      | 3485 ||| DRINKING 2 fuming emerald potions.
  3515 | D:5      | 3515 ||| DROPPING potion of lignification.
  3523 | Temple   | Entered the Ecumenical Temple
  3536 | Temple   | 3536 ||| PLANNING OKAWARU WORSHIP
  3809 | Temple   | Became a worshipper of Warmaster Okawaru
  3810 | Temple   | 3810 ||| PLANNING D:1-11
  3840 | D:5      | Found an ornate altar of the Wu Jian Council.
  3894 | D:6      | Found a burning altar of Makhleb.
  4050 | D:6      | Noticed Blork the orc
  4061 | D:6      | Killed Blork the orc
  4170 | D:6      | Reached skill level 13 in Ranged Weapons
  4173 | D:6      | Found a bloodstained altar of Trog.
  4447 | D:6      | Reached * piety under Okawaru
  4489 | D:6      | Noticed Grinder
  4490 | D:6      | 4490 ||| INVOKING Heroism.
  4497 | D:6      | Killed Grinder
  4498 | D:6      | Reached skill level 14 in Ranged Weapons
  4585 | D:6      | 4585 ||| READING scroll labelled KESUAN SIABBUE.
  4586 | D:6      | 4586 ||| READING 3 scrolls of identify.
  4586 | D:6      | 4586 ||| IDENTIFYING viscous pink potion
  4587 | D:6      | 4587 ||| READING 2 scrolls of identify.
  4587 | D:6      | 4587 ||| IDENTIFYING amethyst potion
  4588 | D:6      | 4588 ||| DROPPING potion of degeneration.
  4621 | D:7      | 4621 ||| INVOKING Heroism.
  4631 | D:7      | Reached skill level 1 in Invocations
  4631 | D:7      | Reached XP level 9. HP: 50/50 MP: 9/11
  4640 | D:7      | 4640 ||| FLEEEEING.
  4641 | D:7      | 4641 ||| FLEEEEING.
  4642 | D:7      | 4642 ||| STAIRDANCE
  4654 | D:7      | 4654 ||| STAIRDANCE
  4660 | D:6      | 4660 ||| INVOKING Heroism.
  4739 | D:7      | 4739 ||| INVOKING Heroism.
  4740 | D:7      | 4740 ||| Stepping ~*~*~tactically~*~*~ (outnumbered).
  4786 | D:7      | Noticed Maggie
  4800 | D:7      | HP: 3/50 [Maggie/+0 glaive of flaming (14)]
  4800 | D:7      | Slain by Maggie

Levels and vault maps discovered:
D:1:      reono_arrival_mine, layout_rooms, amcnicky_mini_pool_small
D:2:      layout_rooms, chequers_big_river, uniq_natasha
D:3:      layout_basic, mainiacjoe_overflow_alcove_1,
          dreamdust_ecumenical_altar_grove, cheibrodos_sewer_entry_drain,
          minmay_crystal_water, moated_statue, chequers_serial_rivers_small_3,
          uniq_sigmund
D:4:      layout_rooms, mainiacjoe_overflow_concentric_impassable,
          mainiacjoe_overflow_24_doors, serial_shops, shop_statue
D:5:      layout_rooms, nzn_wu_jian_council_hall, mainiacjoe_overflow_catwalk,
          minmay_temple_entry_junction, gammafunk_ghost_stat_death
D:6:      layout_loops_ring, general_overflow_altar,
          mainiacjoe_overflow_chevrons, uniq_grinder, uniq_blork_the_orc
D:7:      layout_loops_ring, kennysheep_mini_moat,
          gammafunk_ghost_berserking_beasts, uniq_maggie, uniq_duvessa,
          uniq_pikel
Temple:   oiseaux_autumnal_temple

Skill      XL: |  1  2  3  4  5  6  7  8  9 |
---------------+----------------------------+-----
Ranged Weapons | 6 7 8 9 10 12 14 | 14.3
Fighting       | 2 3 |  3.1
Dodging        | 3 4 5 |  5.1
Armour         | 1 |  1.7
Invocations    | 1 |  1.2
Stealth        | |  1.2

Action                     |  1- 3 |  4- 6 |  7- 9 || total
---------------------------+-------+-------+-------++-------
   Fire: Shortbow          |    83 |   123 |   199 ||   405
 Invoke: Heroism           |       |       |     4 ||     4
    Use: Scroll            |       |     9 |     9 ||    18
         Potion            |       |     1 |     3 ||     4
 Armour: Leather armour    |    10 |       |       ||    10
         Ring mail         |       |    12 |     6 ||    18
  Dodge: Dodged            |    18 |    11 |    28 ||    57

Table legend:
 A = Non-vault XP
 B = Vault XP
 C = Vault XP percentage of total XP
 D = Non-vault monster count
 E = Vault monster count
 F = Vault count percentage of total count
                 A         B        C        D         E       F
            +---------+---------+-------+---------+---------+-------
      Total |    2252 |     772 |  25.5 |     113 |      26 |  18.7
            +---------+---------+-------+---------+---------+-------
        D:1 |      35 |       0 |   0.0 |      19 |       0 |   0.0
        D:2 |     220 |      35 |  13.7 |      25 |       1 |   3.8
        D:3 |      33 |     228 |  87.4 |      11 |       4 |  26.7
        D:4 |     575 |       0 |   0.0 |      23 |       0 |   0.0
        D:5 |     398 |       0 |   0.0 |      11 |       0 |   0.0
        D:6 |     773 |     391 |  33.6 |      17 |       2 |  10.5
        D:7 |     218 |       0 |   0.0 |       7 |       0 |   0.0
      Sewer |       0 |     118 | 100.0 |       0 |      19 | 100.0
            +---------+---------+-------+---------+---------+-------
